 Dungeon Crawl Stone Soup version 0.22-a0-348-gd16d139 (webtiles) character file.

6422 zero the Covert (level 10, -19/53 HPs)
             Began as a Spriggan Enchanter on Apr 10, 2018.
             Demolished by a minotaur (23 damage)
             ... in a labyrinth.
             The game lasted 00:24:26 (10721 turns).

zero the Covert (Spriggan Enchanter)               Turns: 10721, Time: 00:24:27

Health: -19/53     AC:  3    Str:  4    XL:     10   Next: 66%
Magic:  6/20       EV: 24    Int: 22    God:
Gold:   324        SH:  0    Dex: 18    Spells: 14/21 levels left

rFire    + . .     SeeInvis +   J - +3 short sword (venom)
rCold    + . .     Gourm    .   (shield restricted)
rNeg     . . .     Faith    .   b - +1 robe
rPois    .         Spirit   .   (helmet restricted)
rElec    .         Reflect  .   o - scarf {rC+ rF+}
rCorr    .         Harm     .   (gloves unavailable)
MR       +....                  (boots unavailable)
Stlth    +++++.....             (no amulet)
HPRegen  0.17/turn              z - ring of wizardry
MPRegen  0.17/turn              l - +3 ring of intelligence

@: very quick
A: very small, unfitting armour, see invisible, herbivore, speed 3, slow
metabolism 2
a: no special abilities


You were in a labyrinth.
You were not hungry.

You visited 2 branches of the dungeon, and saw 14 of its levels.
You also visited: Labyrinth.

You collected 324 gold pieces.

Inventory:

Hand Weapons
 a - a +2 dagger
 u - a +3 dagger of freezing
 y - a +1 short sword of electrocution
 A - a +0 blowgun
 B - a +0 dagger of holy wrath
 J - a +3 short sword of venom (weapon)
Missiles
 x - 54 poisoned needles
Armour
 b - a +1 robe (worn)
 o - a scarf of resistance (worn)
Jewellery
 i - an uncursed ring of resist corrosion
 l - a +3 ring of intelligence (right hand)
 m - an uncursed ring of magical power
 z - a ring of wizardry (left hand)
 G - an uncursed ring of protection from fire
Wands
 r - a wand of random effects (28)
 v - a wand of polymorph (15)
 H - a wand of acid (7)
Scrolls
 e - 4 scrolls of remove curse
 g - 2 scrolls of amnesia
 j - 2 scrolls of enchant armour
 n - a scroll of teleportation
 w - a scroll of immolation
Potions
 c - a potion of mutation
 f - a potion of heal wounds
 h - a potion of haste
 k - a potion of ambrosia {unknown}
 p - a potion of brilliance {unknown}
 q - a potion of resistance {unknown}
 s - a potion of agility {unknown}
 t - 4 potions of curing {unknown}
 C - a potion of degeneration {unknown}
 D - a potion of lignification {unknown}
Comestibles
 d - 8 rations


   Skills:
 - Level 6.6 Fighting
 + Level 8.5 Short Blades
 - Level 8.0 Dodging
 - Level 12.0 Stealth
 - Level 6.0 Spellcasting
 + Level 8.3 Hexes


You had 14 spell levels left.
You knew the following spells:

 Your Spells              Type           Power        Failure   Level  Hunger
a - Shroud of Golubria    Chrm/Tloc      #.........   6%          2    None
b - Ensorcelled Hibernat  Hex/Ice        ###...       1%          2    None
c - Confuse               Hex            #####...     1%          3    #......


Dungeon Overview and Level Annotations

Branches:
Dungeon (13/15)            Temple (1/1) D:7
   Lair: D:8-11         Orc: D:9-12      Vaults: D:13-14

Altars:
Ashenzari
Cheibriados
Dithmenos
Elyvilon
Fedhas
Gozag
Hepliaklqana
Kikubaaqudgha
Okawaru
Qazlal
Ru
Sif Muna
Trog
Uskayaw
Wu Jian
Yredelemnul
Zin
The Shining One

Shops:
D:13 }

Annotations:
D:8 exclusion: downstairs


Innate Abilities, Weirdness & Mutations

You are very small and have problems with some larger weapons.
You are too small for most types of armour.
You have supernaturally acute eyesight. (SInv)
You are a herbivore.
You cover ground extremely quickly.
You need to consume almost no food.


Message History

Casting: Confuse (safe; 1% risk of failure)
Confirm with . or Enter, or press ? or * to list all spells.
Aiming: Confuse (safe; 1% risk of failure)
Press: ? - help, Shift-Dir - straight line, f/p - minotaur
Aim: a minotaur, wearing a chain mail (chance to defeat MR: 9%)
The minotaur resists with almost no effort.
Casting: Confuse (safe; 1% risk of failure)
Confirm with . or Enter, or press ? or * to list all spells.
Aiming: Confuse (safe; 1% risk of failure)
Press: ? - help, Shift-Dir - straight line, f/p - minotaur
Aim: a minotaur, wearing a chain mail (chance to defeat MR: 9%)
The minotaur appears confused.
The minotaur hits you! The minotaur gores you!
* * * LOW HITPOINT WARNING * * *
You strike the helpless minotaur from behind!
You puncture the minotaur!
The minotaur is poisoned.
The minotaur is moderately wounded.
You hit the minotaur but do no damage.
The minotaur looks as sick as possible!
The minotaur is moderately wounded.
The minotaur hits you!!
You die...

. .### ### #
# ...... ####
# .##### #. .
.. ###.#
#.#### #. . .
.# #(########
#.@H....#
#####.#######
# .#. <. #
#H#.#(#
#..((.#
#.##### ..
####


You could see a minotaur (confused).

Vanquished Creatures
  2 two-headed ogres
  2 trolls (D:9)
  3 hippogriffs (D:7)
  Prince Ribbit (D:6)
  A wyvern (D:13)
  6 yaks (D:8)
  A hungry ghost (D:8)
  A black bear (D:9)
  2 orc warriors (D:8)
  An ice beast (D:5)
  3 phantoms (D:8)
  2 sky beasts
  A wolf (D:9)
  2 centaurs
  An ogre (D:8)
  2 big kobolds
  A gnoll sergeant (D:8)
  2 bullfrogs
  3 scorpions
  3 killer bees (D:8)
  5 wights (D:8)
  A howler monkey (D:4)
  2 crimson imps
  A bullfrog zombie (D:8)
  A bullfrog skeleton (D:4)
  9 hounds
  2 orc priests (D:8)
  A centaur skeleton (D:7)
  3 iguanas
  A worker ant (D:8)
  A hound zombie (D:8)
  9 gnolls
  8 adders
  A shadow imp (D:8)
  2 adder skeletons
  2 adder zombies
  4 worms (D:6)
  4 leopard geckos
  5 orcs
  2 giant cockroaches
  4 goblins
  3 hobgoblins
  2 jackals (D:5)
  3 quokkas
  4 bats
  2 frilled lizards
  A jackal zombie (D:6)
  13 kobolds
  A leopard gecko skeleton (D:7)
  2 quokka zombies (D:5)
  4 rats
143 creatures vanquished.

Notes
Turn   | Place    | Note
-------+----------+-------------------------------------------
     0 | D:1      | zero the Spriggan Enchanter began the quest for the Orb.
     0 | D:1      | Reached XP level 1. HP: 9/9 MP: 5/5
   639 | D:1      | Reached XP level 2. HP: 13/13 MP: 6/6
   644 | D:1      | Learned a level 2 spell: Ensorcelled Hibernation
   710 | D:1      | Reached skill level 5 in Stealth
  1603 | D:2      | Reached XP level 3. HP: 16/16 MP: 8/8
  1655 | D:2      | Learned a level 3 spell: Confuse
  2091 | D:5      | Entered Level 5 of the Dungeon
  2127 | D:5      | Reached skill level 6 in Stealth
  2131 | D:5      | Reached XP level 4. HP: 21/21 MP: 9/9
  2554 | D:6      | Reached skill level 7 in Stealth
  2565 | D:6      | Reached XP level 5. HP: 23/24 MP: 10/10
  2769 | D:6      | Noticed a moth of wrath
  2772 | D:6      | Found a bloodstained altar of Trog.
  2886 | D:8      | Noticed a hungry ghost
  2895 | D:8      | Killed a hungry ghost
  2895 | D:8      | Reached skill level 8 in Stealth
  2895 | D:8      | Reached XP level 6. HP: 28/28 MP: 11/11
  2911 | D:8      | Reached skill level 5 in Short Blades
  2940 | D:8      | Noticed an orc warrior
  2942 | D:8      | Noticed an orc warrior
  3063 | D:6      | Noticed Prince Ribbit
  3068 | D:6      | Killed Prince Ribbit
  3068 | D:6      | Reached XP level 7. HP: 32/32 MP: 14/14
  3183 | D:6      | Reached skill level 5 in Hexes
  4717 | D:7      | Noticed a hippogriff
  4726 | D:7      | Killed a hippogriff
  4726 | D:7      | Reached XP level 8. HP: 24/36 MP: 15/15
  4894 | D:7      | Reached skill level 1 in Fighting
  4896 | D:7      | Found a staircase to the Ecumenical Temple.
  4908 | Temple   | Entered the Ecumenical Temple
  5021 | D:7      | Found a glowing silver altar of Zin.
  5021 | D:7      | Found an opulent altar of Gozag.
  5131 | D:7      | Noticed a hippogriff
  5141 | D:7      | Killed a hippogriff
  5141 | D:7      | Reached skill level 5 in Dodging
  5595 | D:7      | Noticed a hippogriff
  5613 | D:7      | Killed a hippogriff
  6212 | D:8      | Found an ancient bone altar of Kikubaaqudgha.
  6239 | D:8      | Reached XP level 9. HP: 19/44 MP: 6/16
  6264 | D:8      | Reached skill level 9 in Stealth
  6783 | D:8      | Reached skill level 10 in Stealth
  7160 | D:8      | Found a blossoming altar of Fedhas.
  7163 | D:8      | Found an iron altar of Okawaru.
  7188 | D:8      | Found a glowing golden altar of the Shining One.
  7402 | D:8      | Noticed a two-headed ogre
  7412 | D:8      | Killed a two-headed ogre
  7412 | D:8      | Reached skill level 12 in Stealth
  7672 | D:8      | Found a snail-covered altar of Cheibriados.
  7932 | D:9      | Noticed a two-headed ogre
  7934 | D:9      | Noticed a troll
  7944 | D:8      | Reached XP level 10. HP: 29/49 MP: 14/18
  8181 | D:8      | Learned a level 2 spell: Shroud of Golubria
  8241 | D:8      | Reached skill level 5 in Spellcasting
  8698 | D:9      | Reached skill level 5 in Fighting
  8866 | D:10     | Entered Level 10 of the Dungeon
  8923 | D:11     | Noticed a two-headed ogre
  8929 | D:11     | Killed a two-headed ogre
  9117 | D:13     | Found Plog's Gadget Boutique.
  9118 | D:13     | Found a labyrinth entrance.
  9133 | Lab      | Entered a labyrinth
 10533 | Lab      | Noticed a minotaur
 10721 | Lab      | Demolished by a minotaur

Vault maps used:
D:1:      dpeg_arrival_arbitrary_b, dk_noncrumbling_3, hangedman_decor_lopped
D:2:      first_ration, kennysheep_generic_room_8
D:3:      grunt_temple_overflow_lords_of_destruction
D:4:      nicolae_ashenzari_panopticon, uniq_eustachio, uniq_sigmund
D:5:      tgw_xom, lemuel_crystal_altar
D:6:      tgw_trog, bh_chokoban, kennysheep_generic_room_13, uniq_prince_ribbit1
D:7:      grunt_temple_overflow_gold_and_silver, minmay_temple_entry_mist
D:8:      cheibriados_altar_1, nicolae_tso_carved_into_rock,
          kiku_gazebo_pond_becter, chequers_temple_overflow_statue_of_worship,
          kennysheep_generic_room_14
D:9:      erik_lair_island, david_orc_5, grunt_pizzeria, serial_bayou_ford_a
D:10:     serial_shops, nicolae_shop_stone, minmay_misc_feat_rows,
          minmay_misc_feat_secret_circle, uniq_erica, uniq_erolcha, uniq_maurice
D:11:     minmay_misc_feat_tiny
D:12:     enter_trove_5, kennysheep_small_circle
D:13:     serial_shops, shop, lab_entry_generic, eino_tiny_chamber,
          minmay_misc_feat_nine_boxes
Temple:   eino_wide_crystal_templ

Skill      XL: |  1  2  3  4  5  6  7  8  9 10 |
---------------+-------------------------------+-----
Stealth        | 5 6 7 8 12 | 12.0
Short Blades   | 2 3 4 5 8 |  8.5
Spellcasting   | 4 6 |  6.0
Hexes          | 4 8 |  8.3
Fighting       | 3 6 |  6.6
Dodging        | 8 |  8.0

Action                   |  1- 3 |  4- 6 |  7- 9 | 10-12 || total
-------------------------+-------+-------+-------+-------++-------
Melee: Dagger            |    75 |    71 |    29 |       ||   175
       Whip              |       |     1 |       |       ||     1
       Short sword       |       |       |   182 |    61 ||   243
 Cast: Ensorcelled Hiber |     4 |    10 |    50 |    36 ||   100
       Confuse           |       |     5 |    14 |    11 ||    30
Evoke: Wand              |       |       |       |     5 ||     5
  Use: Scroll            |     8 |     5 |     1 |     4 ||    18
       Potion            |       |       |       |     2 ||     2
 Stab: Sleeping          |    13 |    10 |    45 |    18 ||    86
       Confused          |       |     4 |     8 |     1 ||    13
       Distracted        |       |       |       |     1 ||     1
  Eat: Ration            |       |     1 |     3 |     1 ||     5
Armor: Robe              |     9 |     4 |    11 |     3 ||    27
Dodge: Dodged            |    52 |    49 |   147 |    81 ||   329

Table legend:
 A = Spawn XP
 B = Non-spawn XP
 C = Spawn XP percentage of total XP
 D = Spawn monster count
 E = Non-spawn monster count
 F = Spawn count percentage of total count
 G = Total turns spent on level
                    A         B        C        D         E        F      G
               +---------+---------+-------+---------+---------+-------+---------
         Total |       0 |    9175 |   0.0 |       0 |     143 |   0.0 | 10721
               +---------+---------+-------+---------+---------+-------+---------
           D:1 |       0 |      15 |   0.0 |       0 |      11 |   0.0 |  1066
           D:2 |       0 |      28 |   0.0 |       0 |       9 |   0.0 |  1149
           D:4 |       0 |     132 |   0.0 |       0 |       7 |   0.0 |   271
           D:5 |       0 |     205 |   0.0 |       0 |      11 |   0.0 |   641
           D:6 |       0 |     564 |   0.0 |       0 |      18 |   0.0 |  1302
           D:7 |       0 |    1356 |   0.0 |       0 |      24 |   0.0 |  1747
           D:8 |       0 |    4510 |   0.0 |       0 |      48 |   0.0 |  2388
           D:9 |       0 |    1199 |   0.0 |       0 |      11 |   0.0 |   199
          D:10 |       0 |       5 |   0.0 |       0 |       1 |   0.0 |    10
          D:11 |       0 |     921 |   0.0 |       0 |       1 |   0.0 |    66
          D:12 |       0 |      35 |   0.0 |       0 |       1 |   0.0 |   175
          D:13 |       0 |     205 |   0.0 |       0 |       1 |   0.0 |    16
               +---------+---------+-------+---------+---------+-------+---------
